Map: Blackpink LE

Players

voiDude

  • Race: Terran Terran
  • League: Platinum
  • Spawn Location: 7:00

axu - Winner!

  • Race: Protoss Protoss
  • League: Platinum
  • Spawn Location: 1:00

VOD

Have the link to the VOD?

Description

Time

  • Played on: April 24, 2018, 9:02 a.m.
  • Length: 4:42
Show
View Real Time Build Order
Export as new Build Order

voiDude Terran 

Build Orders:  

Get SALT Encoding   

  12  0:01  SCV  
  13  0:13  SCV  
  14  0:18  Supply Depot  
  14  0:25  SCV  
  15  0:40  SCV  
  15  0:41  Barracks  
  16  0:46  Refinery  
  16  0:52  SCV  
  17  1:04  SCV  
  18  1:16  Refinery, SCV  
  19  1:28  Orbital Command  
  19  1:29  Marine  
  20  2:00  Command Center  
  20  2:01  SCV  
  21  2:12  Supply Depot  
  21  2:13  SCV  
  22  2:32  SCV  
  22  2:33  Factory  
  23  2:44  SCV  
  24  2:48  Barracks Tech Lab  
  24  2:51  Refinery  
  24  2:52  Refinery  
  24  2:56  SCV  
  25  3:07  Barracks  
  25  3:08  SCV  
  26  3:13  Orbital Command  
  26  3:20  SCV  
  26  3:23  Starport  
  27  3:28  Factory Tech Lab  
  27  3:32  SCV  
  28  3:41  Marauder  
  28  3:42  Concussive Shells  
  28  3:44  SCV  
  28  3:47  Siege Tank  
  34  3:51  SCV  
  35  3:59  SCV  
  35  4:01  Starport Tech Lab  
  36  4:04  Barracks Reactor  
  36  4:08  Marine  
  37  4:13  SCV  
  37  4:14  SCV  
  45  4:25  SCV  
Show
View Real Time Build Order
Export as new Build Order

axu Protoss - Winner!

Build Orders:  

Get SALT Encoding   

  12  0:01  Probe  
  13  0:13  Probe  
  14  0:22  Pylon  
  14  0:25  Probe  
  15  0:40  Probe  
  16  0:46  Gateway  
  16  0:51  Assimilator  
  16  0:55  Probe  
  17  1:08  Probe  
  18  1:15  Assimilator  
  18  1:16  Probe  
  18  1:24  Probe  
  20  1:33  Cybernetics Core  
  20  1:38  Probe  
  21  1:49  Gateway  
  21  1:50  Probe  
  21  1:53  Gateway  
  22  2:08  Pylon  
  22  2:09  Warp Gate  
  22  2:18  Stalker  
  22  2:19  Pylon  
  22  2:20  Probe  
  25  2:30  Twilight Council  
  25  2:35  Gateway  
  25  2:42  Stalker  
  27  3:00  Stalker  
  27  3:01  Stalker  
  31  3:40  Pylon  
  31  3:42  Pylon  
  31  4:15  Stalker x4  
Tags
 
Add a new tag
Caveats
  • Supply blocks, unpowered buildings, or Contaminate may cause inaccurate times.
  • Supply counts are checked every 10 seconds.